 Dungeon Crawl Stone Soup version 0.32-a0-290-g598725c5f2 (console) character file.

Game seed: 11907082794390678489

5322 Kenran the Cleaver (level 10, -5/88 HPs)
             Began as a Mountain Dwarf Fighter on Feb 13, 2024.
             Was an Initiate of Hepliaklqana.
             Hit by a boomerang thrown by a merfolk (18 damage)
             ... on level 8 of the Dungeon.
             The game lasted 00:21:20 (6728 turns).

Kenran the Cleaver (Mountain Dwarf Fighter)         Turns: 6728, Time: 00:21:21

Health: -5/88      AC: 22    Str: 24    XL:     10   Next: 38%
Magic:  10/10      EV:  8    Int:  8    God:    Hepliaklqana [......]
Gold:   1130       SH:  4    Dex:  9    Spells: 9/9 levels left

rFire   + . .        a - +5 war axe (heavy)
rCold   . . .        c - +0 buckler
rNeg    . . .        M - +1 chain mail {rF+}
rPois   .            f - +0 helmet
rElec   .            n - +2 cloak {rCorr}
rCorr   +            (no gloves)
SInv    +            B - +0 pair of boots
Will    +....        y - amulet of regeneration Stlth
                     t - +4 ring of protection
HPRegen 1.14/turn    J - ring of see invisible
MPRegen 0.12/turn

%: no passive effects
@: studying Armour
A: runic magic, artefact enchanting
a: Renounce Religion


You were on level 8 of the Dungeon.
You worshipped Hepliaklqana.
Hepliaklqana was noncommittal.
You visited 2 branches of the dungeon, and saw 9 of its levels.
You also visited: Ossuary and Bailey.

You collected 1320 gold pieces.
You spent 190 gold pieces at shops.

Inventory:

Hand Weapons
 a - a +5 heavy war axe (weapon)
Missiles
 z - a curare-tipped dart (quivered)
Armour
 c - a +0 buckler (worn)
 f - a +0 helmet (worn)
 n - a +2 cloak of preservation (worn)
 B - a +0 pair of boots (worn)
 M - a +1 chain mail of fire resistance (worn)
Jewellery
 t - a +4 ring of protection (left hand)
 y - an amulet of regeneration (around neck)
 J - a ring of see invisible (right hand)
Wands
 b - a wand of mindburst (14)
 p - a wand of digging (4)
 u - a wand of polymorph (7)
 v - a wand of flame (41)
 w - a wand of light (6)
 D - a wand of iceblast (11)
Scrolls
 h - a scroll of blinking
 i - a scroll of immolation {!r}
 k - 4 scrolls of teleportation
 C - 3 scrolls of revelation
 E - 2 scrolls of fog
 G - 2 scrolls of enchant weapon {unknown}
 I - a scroll of torment {unknown}
 K - a scroll of fear {unknown}
Potions
 d - 5 potions of curing {@q1}
 e - a potion of magic {unknown}
 g - a potion of lignification {unknown}
 j - 2 potions of enlightenment {unknown}
 l - a potion of attraction {unknown}
 m - 5 potions of cancellation {unknown}
 q - 2 potions of haste {unknown}
 r - a potion of brilliance {unknown}
 s - a potion of resistance {unknown}
 x - a potion of degeneration {unknown}
 A - a potion of invisibility {unknown}
 F - 2 potions of heal wounds {unknown}
 H - a potion of might


   Skills:
 + Level 8.0 Fighting
 + Level 14.2 Axes
 + Level 8.8 Armour
 - Level 3.2 Shields
 - Level 3.0 Evocations


You had 9 spell levels left.
You didn't know any spells.
Your spell library contained the following spells:

 Spells                   Type           Power      Damage    Failure   Level
 Apportation              Tloc           0%         N/A       58%         1
 Summon Small Mammal      Summ           0%         N/A       58%         1
 Jinxbite                 Hex            0%         N/A       75%         2
 Call Canine Familiar     Summ           0%         N/A       92%         3
 Frozen Ramparts          Ice            0%         1d1       92%         3
 Leda's Liquefaction      Alch/Erth      0%         N/A       100%        4
 Petrify                  Alch/Erth      0%         N/A       100%        4
 Summon Blazeheart Golem  Fire/Summ      0%         N/A       100%        4
 Alistair's Intoxication  Alch           0%         N/A       100%        5
 Metabolic Englaciation   Hex/Ice        0%         N/A       100%        5


Dungeon Overview and Level Annotations

Branches:
Dungeon (8/15)             Temple (1/1) D:5         Ossuary (visited)
 Bailey (visited)
   Lair: D:8-11

Altars:
Ashenzari
Cheibriados
Elyvilon
Gozag
Hepliaklqana
Kikubaaqudgha
Nemelex Xobeh
Okawaru
Qazlal
Sif Muna
Trog
Uskayaw
Vehumet
Xom
Yredelemnul
Zin
The Shining One

Shops:
D:1 (   D:5 ?   D:7 ::


Innate Abilities, Weirdness & Mutations

Your spellcasting is much less encumbered by armour.
You can use scrolls of enchantment on lesser artefacts.


Message History

You kill the killer bee!
You hit the water elemental. x2; You barely miss the killer bee.
You block the killer bee's attack. The water elemental barely misses you.
The killer bee stings you but does no damage.
The water elemental closely misses you. The water elemental hits you.
You block the killer bee's attack.
You barely miss the water elemental.
The water elemental is lightly damaged.
You hit the water elemental. You barely miss the killer bee.
The killer bee stings you but does no damage.
The water elemental barely misses you. You block the merfolk's attack.
The killer bee barely misses you. The water elemental hits you.
The water elemental engulfs you in water!
You slash the water elemental!
The water elemental is moderately damaged.
You hit the water elemental. You barely miss the killer bee.
Your lungs strain for air!
The killer bee barely misses you. The water elemental hits you.
The killer bee stings you but does no damage.
The merfolk hits you from afar with a +0 trident!
The water elemental completely misses you.
You slash the water elemental!
The water elemental is severely damaged.
You hit the water elemental. You barely miss the killer bee.
Your lungs strain for air!
The killer bee closely misses you. The water elemental hits you!
* * * LOW HITPOINT WARNING * * *
You block the killer bee's attack.
The merfolk hits you from afar with a +0 trident!
* * * LOW HITPOINT WARNING * * *
The water elemental hits you. x2; The killer bee closely misses you.
You slash the water elemental!
You destroy the water elemental!
The water engulfing you falls away.
You gasp with relief as air once again reaches your lungs.
You hit the water elemental. You slash the killer bee!
You kill the killer bee!
The merfolk throws a boomerang.
The boomerang hits you!!
You die...
Hepliaklqana delivers you to your ancestors.

...## ≈≈.).~≈ ..))#
≈~~~~≈≈ ...
###)###.~≈≈≈≈≈≈≈ ...
###)....~~~~~~~~ ..
....###....~~... ..# #
###.# ... ... ..##.#
#.# ...###†##m.....
##'## .>....E†.......
#...# .###...@?......
#...# #.....##...!.
#...# .##............
##...# #
............... .....#
#..##.##..##.....
###.##
#..##.##......... #.#
#..##.###.##..#..
#.####................
#...........##.##..#..


You could see a merfolk and a water elemental.

Vanquished Creatures
  Sigmund (D:3)
  3 water elementals (D:8)
  A steam dragon (D:7)
  Eustachio (D:6)
  A water moccasin (D:5)
  An ice beast (D:7)
  3 black bears
  9 orc warriors
  11 centaurs (Bailey)
  A phantom (D:6)
  2 bullfrogs (D:7)
  5 elf zombies (Ossuary)
  A kobold brigand (D:5)
  2 scorpions
  9 killer bees
  A bombardier beetle (D:3)
  2 human zombies (Ossuary)
  3 hounds
  3 orc priests
  A spectral scorpion (Ossuary)
  Crazy Yiuf (D:4)
  3 jellies (D:6)
  Jessica (D:2)
  3 iguanas
  Ijyb (D:3)
  Natasha (thrice) (D:3)
  5 orc wizards
  A sleepcap (D:7)
  2 crocodile zombies (Ossuary)
  A bullfrog simulacrum (Ossuary)
  3 spectral hounds (Ossuary)
  3 mummies
  7 adders
  3 spectral adders (Ossuary)
  A ribbon worm (D:2)
  2 spectral gnolls (Ossuary)
  2 dart slugs (D:3)
  2 adder simulacra (Ossuary)
  47 orcs
  6 bats
  3 endoplasms (D:4)
  4 giant cockroaches
  7 gnoll zombies (Ossuary)
  10 goblins
  5 hobgoblins
  2 jackals (D:3)
  11 kobolds
  5 quokkas
  10 ball pythons
  3 frilled lizards
  3 gnoll simulacra (Ossuary)
  A hobgoblin zombie (D:7)
  5 jackal simulacra (Ossuary)
  8 kobold zombies
  2 orc zombies (Ossuary)
  8 rats
  A spectral jackal (Ossuary)
246 creatures vanquished.

Vanquished Creatures (others)
  An orc warrior (Bailey)
  An orc (Bailey)
2 creatures vanquished.

Grand Total: 248 creatures vanquished

Notes
Turn   | Place    | Note
-------+----------+-------------------------------------------
     0 | D:1      | Kenran the Mountain Dwarf Fighter began the quest for the
                  | Orb.
     0 | D:1      | Reached XP level 1. HP: 19/19 MP: 1/1
    25 | D:1      | Reached skill level 3 in Axes
    47 | D:1      | Reached XP level 2. HP: 24/26 MP: 2/2
   174 | D:1      | Found Solotzeh's Antique Weapon Emporium.
   493 | D:1      | Reached skill level 4 in Axes
   820 | D:1      | Reached XP level 3. HP: 31/31 MP: 3/3
  1235 | D:2      | You fall into a shaft and drop 2 floors!
  1295 | D:4      | Reached skill level 5 in Axes
  1331 | D:4      | Reached XP level 4. HP: 38/38 MP: 4/4
  1339 | D:4      | Noticed a scorpion
  1346 | D:3      | Noticed Natasha
  1565 | D:2      | Noticed Jessica
  1570 | D:2      | Killed Jessica
  1571 | D:2      | Reached skill level 6 in Axes
  1921 | D:3      | Reached XP level 5. HP: 45/45 MP: 5/5
  1947 | D:3      | Noticed Sigmund
  1959 | D:3      | Killed Sigmund
  1960 | D:3      | Reached skill level 7 in Axes
  1960 | D:3      | Reached XP level 6. HP: 51/51 MP: 6/6
  1987 | D:3      | Noticed Ijyb
  2061 | D:3      | Killed Natasha
  2062 | D:3      | Reached skill level 8 in Axes
  2094 | D:3      | Noticed Natasha
  2102 | D:3      | Killed Natasha
  2300 | D:3      | Found a basalt altar of Yredelemnul.
  2482 | D:3      | Killed Ijyb
  2483 | D:3      | Reached skill level 9 in Axes
  2561 | D:3      | Noticed Natasha
  2580 | D:3      | Killed Natasha
  2730 | D:1      | Bought a glowing war axe for 162 gold pieces
  2842 | D:3      | Reached XP level 7. HP: 56/57 MP: 7/7
  3036 | D:4      | Found a glowing silver altar of Zin.
  3115 | D:4      | Reached skill level 10 in Axes
  3291 | D:4      | Found a runed translucent door.
  3292 | D:4      | Noticed Crazy Yiuf
  3299 | D:4      | Killed Crazy Yiuf
  3435 | D:5      | Entered Level 5 of the Dungeon
  3460 | D:5      | Found an ancient bone altar of Kikubaaqudgha.
  3540 | D:5      | Found a staircase to the Ecumenical Temple.
  3547 | D:5      | Reached XP level 8. HP: 60/67 MP: 8/8
  3560 | D:5      | Reached skill level 5 in Fighting
  3566 | D:5      | Found Uhifren's Magic Scroll Boutique.
  3572 | D:5      | Bought a scroll of identify for 28 gold pieces
  3702 | D:5      | Reached skill level 11 in Axes
  4258 | D:6      | Noticed Eustachio
  4270 | D:6      | Killed Eustachio
  4581 | D:6      | Reached skill level 1 in Evocations
  4733 | D:7      | Reached skill level 12 in Axes
  4762 | D:7      | Found a sand-covered staircase.
  4768 | Ossuary  | Entered an ossuary
  4876 | Ossuary  | Reached XP level 9. HP: 75/75 MP: 9/9
  5093 | D:7      | Found a sparkling altar of Nemelex Xobeh.
  5147 | D:7      | Reached skill level 13 in Axes
  5147 | D:7      | Reached skill level 5 in Armour
  5172 | D:7      | Found Eloas's Self-Published Books.
  5190 | D:7      | Found Kim Wat's Self-Improvement Boutique.
  5245 | D:7      | Found a flagged portal.
  5259 | Bailey   | Entered a bailey
  5516 | Bailey   | Reached skill level 14 in Axes
  5682 | Bailey   | Reached XP level 10. HP: 60/84 MP: 10/10
  5993 | Temple   | Entered the Ecumenical Temple
  6009 | Temple   | Became a worshipper of Hepliaklqana the Forgotten
  6582 | D:7      | Acquired 916 gold pieces
  6728 | D:8      | Hit by a boomerang thrown by a merfolk

Illustrated notes

Levels and vault maps discovered:
D:1:      dpeg_arrival_arbitrary_c, layout_basic, serial_shops,
          nicolae_shop_overgrown_old_shop, kennysheep_nondescript,
          grunt_decor_resistance, serial_bayou_pond_d
D:2:      layout_loops_ring, minmay_strange_pillars, uniq_jessica
D:3:      layout_loops_cross, mainiacjoe_overflow_24_doors,
          amcnicky_mini_rare_corridor_liquid, minmay_bisected, uniq_sigmund,
          uniq_natasha, uniq_ijyb
D:4:      layout_basic, kennysheep_mini_moat, uniq_crazy_yiuf_cottage
D:5:      wad_woods_pond, layout_rooms, mainiacjoe_overflow_alcove_1,
          serial_shops, kennysheep_little_box, minivault_27
D:6:      layout_basic, uniq_eustachio
D:7:      layout_basic, nemelex_diamond_rough_becter,
          nicolae_ossuary_entry_giza, enter_bailey_4, nicolae_custom_books,
          st_stairs_14, nicolae_shop_self_help
D:8:      layout_basic, gammafunk_ghost_ooze, nicolae_rank_and_phial,
          uniq_prince_ribbit1
Temple:   nicolae_temple_god_jail

Skill      XL: |  1  2  3  4  5  6  7  8  9 10 |
---------------+-------------------------------+-----
Axes           | 3 4 5 6 7 9 10 12 14 | 14.2
Fighting       | 4 6 8 |  8.0
Evocations     | 2 3 |  3.0
Armour         | 4 6 8 |  8.8
Shields        | |  3.2

Action                     |  1- 3 |  4- 6 |  7- 9 | 10-12 || total
---------------------------+-------+-------+-------+-------++-------
  Melee: War axe           |    81 |   138 |   293 |    59 ||   571
    Use: Scroll            |     1 |     3 |     6 |     2 ||    12
         Potion            |       |     2 |       |       ||     2
   Stab: Distracted        |       |       |     1 |       ||     1
 Armour: Scale mail        |    46 |    84 |    26 |       ||   156
         Skin              |       |     6 |       |       ||     6
         Chain mail        |       |       |   398 |   105 ||   503
  Dodge: Dodged            |    40 |    51 |   206 |    42 ||   339
  Block: Buckler           |    18 |    60 |    98 |    22 ||   198
         Reflection        |       |     1 |       |       ||     1

Table legend: (Time is in decaauts)
 A = Elapsed time spent in this place.
 B = Non-inter-level travel time spent in this place.
 C = Inter-level travel time spent in this place.
 D = Time resting spent in this place.
 E = Time spent auto-exploring this place.
 F = Levels seen in this place.
 G = Mean time per level.
                   A        B        C        D        E       F      G
               +--------+--------+--------+--------+--------+-----+--------+
         Total |   6923 |   6472 |    451 |    352 |   3852 |  11 |  629.4 |
       Dungeon |   5889 |   5468 |    421 |    325 |   3593 |   8 |  736.1 |
        Temple |     30 |      1 |     29 |      0 |      0 |   1 |   30.0 |
       Ossuary |    334 |    334 |      0 |      0 |     85 |   1 |  334.0 |
        Bailey |    668 |    668 |      0 |     27 |    174 |   1 |  668.0 |
               +--------+--------+--------+--------+--------+-----+--------+

Top non-repeatable levels by time:
     D:1: 1003 daAuts
     D:3: 967 daAuts
     D:7: 868 daAuts
     D:2: 867 daAuts
     D:6: 719 daAuts
     D:4: 676 daAuts
  Bailey: 668 daAuts
     D:5: 652 daAuts
 Ossuary: 334 daAuts
     D:8: 134 daAuts
  Temple: 30 daAuts
